Unix NetHack Version 3.7.0-97 Work-in-progress - last build Feb 8 2024 15:05:57 (6d6cdf8371b60126770a3d7b88910941cb14a054,branch:master). Game began 2024-02-15 13:24:50, ended 2024-02-15 13:59:28. elenmirie, neutral female gnomish Archeologist --------- ----- --------------- ------- -.......------ --..<| |.............| |.....| ...-.......))|---.....| ||----.--+---+- |.._..| ...---------.|....|..- |..-.|.-|.. |.. |.....| .%.# ----.....-|.- |..|--..-|---..----. ---|--- ... |.........| ||--........--|-.....-+-- |.| ...-- |....|.---- |................--......- |.| -.- ..... |..----- --..--|--------.. -.......| --.---... .....|..| ------ -..|@%.o@.[.!| ...{.%)| -----........ ---....|.- |%%%%| ...|%%*%[!(*+| ......-- -........... |......| |....| --------------- ---....------ ......---...---- --....-- --|--- ------|....|...|..- |...-- .|... |..| --...| ..---.-- |.((.|-... --...... .|....- .... |..| ---..|.........-- |(((.-...-|....--.......... ..-----|---.-...............+ |(*(.|-...|... |.......G... -.............----....{.....- ------ ...... |..--....... ---------.--+-- --......... ....| ---- -...... |(((.|.| |.........- --... ---...- |(((.-.| -------..-- .... |(((.|-- --- ------ Elenmirie the Investigator St:14 Dx:13 Co:13 In:16 Wi:13 Ch:7 Neutral Dlvl:7 $:232 HP:0(45) Pw:30(30) AC:4 Xp:6/337 T:3469 Burdened Latest messages: The Uruk-hai swings his runed broadsword. The Uruk-hai hits! You lash the Uruk-hai! You kill the Uruk-hai! There are several objects here. You have a little trouble lifting T - a runed dagger. U - a runed broadsword. V - a corroded orcish helm. W - a coarse mantelet. There is an Uruk-hai corpse here; eat it? [ynq] (n) y This Uruk-hai corpse is stringy. The Uruk-hai wields a crude bow! You stop eating the Uruk-hai corpse. You see here a runed dagger (for sale, 6 zorkmids). You see here a candle called tallow (for sale, 15 zorkmids). The Uruk-hai shoots 2 poisoned crude arrows! You are hit by the 1st poisoned crude arrow. The 2nd poisoned crude arrow misses you. You hear crashing rock. What do you want to drop? [$adegjkqrtvwE-JOT-W or ?*] T You drop a runed dagger. Kopasker offers 2 gold pieces for your runed dagger. Sell it? [ynaq] (n) y An elven dagger; you sold it for 2 gold pieces. What do you want to drop? [$adegjkqrtvwE-JOU-W or ?*] U You drop a runed broadsword. Kopasker offers 5 gold pieces for your runed broadsword. Sell it? [ynaq] (n) y An elven broadsword; you sold it for 5 gold pieces. What do you want to drop? [$adegjkqrtvwE-JOVW or ?*] V You drop a corroded orcish helm. Kopasker offers 5 gold pieces for your orcish helm. Sell it? [ynaq] (n) y You sold a corroded orcish helm for 5 gold pieces. The Uruk-hai picks up an elven dagger. What do you want to drop? [$adegjkqrtvwE-JOW or ?*] W You drop a coarse mantelet. Kopasker offers 20 gold pieces for your coarse mantelet. Sell it? [ynaq] (n) y An orcish cloak; you sold it for 20 gold pieces. The Uruk-hai wields an elven dagger! The Uruk-hai thrusts her elven dagger. The Uruk-hai hits! You lash the Uruk-hai. You miss the Uruk-hai. The Uruk-hai thrusts her elven dagger. The Uruk-hai hits! You die... Kopasker gratefully inherits all your possessions. Do you want to see what you had when you died? [ynq] (y) y Do you want to see your attributes? [ynq] (y) y Do you want an account of creatures vanquished? [ynaq] (y) y Do you want to see your conduct and achievements? [ynq] (y) y Do you want to see the dungeon overview? [ynq] (y) y Inventory: Coins $ - 232 gold pieces Weapons a - an uncursed +2 bullwhip (weapon in right hand) Armor q - an uncursed +0 orcish helm (being worn) j - an uncursed +0 pair of speed boots (being worn) O - an uncursed +0 mummy wrapping k - a blessed +1 Hawaiian shirt with a hula dancer motif (being worn) r - an uncursed +0 studded leather armor (being worn) Comestibles d - 7 uncursed food rations E - 2 uncursed pancakes Rings H - a cursed -1 ring of increase damage Wands J - an uncursed wand of cancellation (0:3) F - an uncursed wand of light (0:8) v - an uncursed wand of lightning (0:0) I - an uncursed wand of undead turning (0:5) Tools w - an uncursed sack containing 5 items e - an uncursed lock pick t - an uncursed tinning kit (0:85) G - a cursed towel Gems/Stones g - an uncursed touchstone Contents of the sack: an uncursed scroll of create monster 2 uncursed scrolls of enchant weapon an uncursed scroll of food detection an uncursed potion of speed an uncursed +0 pick-axe Elenmirie the Archeologist's attributes: Background: You were an Investigator, a level 6 female gnomish Archeologist. You were neutral, on a mission for Camaxtli who was opposed by Quetzalcoatl (lawful) and Huhetotl (chaotic). You were right-handed. You were in the Gnomish Mines, on level 7. You entered the dungeon 3469 turns ago. You had 337 experience points, 303 more were needed to attain level 7. Basics: You had 0 out of 45 hit points. You had all 30 energy points (spell power). Your armor class was 4. Your wallet contained 232 zorkmids. Autopickup was on, but temporarily disabled while inside the shop. Final Characteristics: Your strength was 14 (limit:18/50). Your dexterity was 13 (peak:14, limit:18). Your constitution was 13 (limit:18). Your intelligence was 16 (limit:19). Your wisdom was 13 (limit:18). Your charisma was 7 (limit:18). Final Status: You weren't hungry. You were burdened; movement was slightly slowed. You were wielding a whip. You were skilled in whip. Final Attributes: You were piously aligned. You were telepathic. You had automatic searching. You had infravision. You were stealthy. You were warded. You were very fast. You are dead. Miscellaneous: You encountered 1 bones level. Total elapsed playing time was 34 minutes and 37 seconds. Major events: Turn 1: elenmirie the neutral female gnomish Archeologist entered the dungeon 1247: attained the rank of Field Worker (level 3) 1562: entered the Gnomish Mines 3052: reached Mine Town 3397: attained the rank of Investigator (level 6) 3469: killed by an Uruk-hai Vanquished creatures: a Woodland-elf a bugbear an Uruk-hai a fog cloud a kobold mummy a gray ooze 2 giant ants a little dog a floating eye a kitten 4 hill orcs 3 giant bats an orc zombie 2 dwarf zombies 3 iguanas an acid blob a coyote 2 hobbits a yellow mold a green mold 6 geckos 9 jackals 2 foxes 4 goblins 4 grid bugs 6 lichens a kobold zombie 4 newts 66 creatures vanquished. No species were genocided or became extinct. Voluntary challenges: You read items or engraved 1 time. You never engraved Elbereth. You never genocided any monsters. You never polymorphed an object. You never changed form. You used no wishes. Achievements: You entered a shop. You attained the rank of Field Worker. You entered the Gnomish Mines. You entered Minetown. You entered a temple. You attained the rank of Investigator. The Dungeons of Doom: levels 1 to 5 Level 1: Level 2: Level 3: A fountain. Stairs down to The Gnomish Mines. Level 4: Level 5: A sink. Final resting place for elenmirie-Arc-Gno-Fem-Neu, killed by an iguana. The Gnomish Mines: levels 4 to 7 Level 4: Level 5: Level 6: Level 7: <- You were here. A general store, a temple and an altar to Camaxtli, some fountains. Final resting place for you, killed by an Uruk-hai. Game over: ---------- / \ / REST \ / IN \ / PEACE \ / \ | elenmirie | | 232 Au | | killed by an | | Uruk-hai | | | | | | 2024 | *| * * * | * _________)/\\_//(\/(/\)/\//\/|_)_______ Goodbye elenmirie the Archeologist... You died in The Gnomish Mines on dungeon level 7 with 1877 points, and 232 pieces of gold, after 3469 moves. You were level 6 with a maximum of 45 hit points when you died.